 Dungeon Crawl Stone Soup version 0.30-a0-883-g5ad918d77d (webtiles) character file.

Game seed: 505977035930053562

2607 Newt the Fighter (level 9, -15/74 HPs)
             Began as a Demonspawn Gladiator on Mar 17, 2023.
             Was a Follower of Makhleb.
             Demolished by a two-headed ogre
             ... wielding a +0 giant spiked club
              (22 damage)
             ... on level 9 of the Dungeon.
             The game lasted 00:08:58 (10584 turns).

Newt the Fighter (Demonspawn Gladiator)            Turns: 10584, Time: 00:08:59

Health: -15/74     AC:  8    Str: 21    XL:     9   Next: 33%
Magic:  9/9        EV: 12    Int: 10    God:    Makhleb [*.....]
Gold:   351        SH:  5    Dex: 18    Spells: 8/8 levels left

rFire   . . .      SeeInvis .    G - +4 broad axe (heavy)
rCold   . . .      Faith    .    D - orb "Siapasoe" {*Slow Str+2 Dex+4 Stlth+}
rNeg    . . .      Spirit   .    J - +0 scale mail
rPois   +          Reflect  +    (helmet restricted)
rElec   .          Rampage  .    t - scarf {+Inv}
rCorr   .                        (no gloves)
Will    .....                    (no boots)
Stlth   +                        o - amulet of reflection
HPRegen 0.32/turn                j - ring of poison resistance
MPRegen 0.11/turn                q - ring of flight

@: mighty, flying
A: antennae 2, molten scales 1, powered by pain 2
a: Renounce Religion, Evoke Invisibility


You were on level 9 of the Dungeon.
You worshipped Makhleb.
Makhleb was aware of your devotion.
You visited 2 branches of the dungeon, and saw 10 of its levels.

You collected 575 gold pieces.
You spent 224 gold pieces at shops.

Inventory:

Hand Weapons
 a - a +0 rapier
 e - a +1 short sword of venom
 G - a +4 heavy broad axe (weapon)
Missiles
 d - 2 throwing nets
 h - 93 stones
 k - 3 boomerangs (quivered)
 l - 2 javelins
 u - 2 poisoned darts
Armour
 b - a +0 leather armour
 c - a +0 helmet
 t - a scarf of invisibility (worn)
 D - the orb "Siapasoe" (worn) {*Slow Str+2 Dex+4 Stlth+}
   (You found it on level 6 of the Dungeon)

   Str:       It affects your strength (+2).
   Dex:       It affects your dexterity (+4).
   *Slow:     It may slow you when you take damage.
   Stlth:     It makes you more stealthy.
 J - a +0 scale mail (worn)
Jewellery
 j - a ring of poison resistance (left hand)
 o - an amulet of reflection (around neck)
 q - a ring of flight (right hand)
 y - a ring of magical power
 E - a ring of willpower
 I - a ring of fire
 M - a ring of wizardry
Wands
 w - a wand of polymorph (12)
 z - a wand of acid (6)
 A - a wand of flame (9)
Scrolls
 g - a scroll of teleportation
 n - a scroll of amnesia
 s - a scroll of enchant weapon {unknown}
 v - a scroll of brand weapon
 x - a scroll of summoning {unknown}
 C - a scroll of fog {unknown}
 H - a scroll of immolation {unknown}
 K - a scroll of vulnerability {unknown}
 N - a scroll of magic mapping {unknown}
Potions
 f - 9 potions of curing
 i - a potion of heal wounds
 m - 3 potions of brilliance
 p - 3 potions of lignification
 r - a potion of flight
 B - 2 potions of mutation {unknown}
 F - a potion of haste


   Skills:
 - Level 8.0 Fighting
 - Level 4.0 Short Blades
 + Level 6.7 Axes
 - Level 5.0 Throwing
 - Level 4.0 Dodging


You had 8 spell levels left.
You didn't know any spells.
Your spell library contained the following spells:

 Spells                   Type           Power      Damage    Failure   Level
 Magic Dart               Conj           0%         1d3       73%         1
 Call Imp                 Summ           0%         N/A       86%         2
 Lesser Beckoning         Tloc           0%         N/A       86%         2
 Gell's Gravitas          Tloc           0%         N/A       97%         3
 Kindle Blastsparks       Fire/Tloc/Air  0%         2d10      97%         3
 Mephitic Cloud           Conj/Pois/Air  0%         N/A       97%         3
 Teleport Other           Tloc           0%         N/A       97%         3
 Vhi's Electric Charge    Tloc/Air       0%         N/A       97%         3
 Fulminant Prism          Conj/Hex       0%         3d5       100%        4
 Iskenderun's Mystic Bla  Conj/Tloc      0%         2d3       100%        4
 Passage of Golubria      Tloc           0%         N/A       100%        4
 Arcjolt                  Conj/Air       0%         1d10      100%        5
 Lee's Rapid Deconstruct  Erth           0%         3d4*      100%        5
 Silence                  Hex/Air        0%         N/A       100%        5
 Lehudib's Crystal Spear  Conj/Erth      0%         10d2      100%        8
 Maxwell's Capacitive Co  Air            0%         ∞         100%        8


Dungeon Overview and Level Annotations

Branches:
Dungeon (9/15)             Temple (1/1) D:6
   Lair: D:8-11         Orc: D:9-12

Altars:
Ashenzari
Cheibriados
Dithmenos
Gozag
Kikubaaqudgha
Makhleb
Nemelex Xobeh
Qazlal
Ru
Sif Muna
Trog
Wu Jian
Yredelemnul

Shops:
D:6 (


Innate Abilities, Weirdness & Mutations

You have a pair of antennae on your head.
You are partially covered in molten scales. (AC +2)
You sometimes gain power by taking damage.


Message History

The centaur shoots an arrow.
The arrow misses you.
Unknown command.
Okay, then.
Throw: 3 boomerangs
Press: ? - help, Q - select action, (/) - cycle Shift-Dir - straight line, f - centaur, p - two-headed ogre
Aim: a centaur, wielding a +0 shortbow (76% to hit)
You throw a boomerang. The boomerang hits the centaur!
The centaur is heavily wounded.
The centaur shoots an arrow.
You reflect the arrow off an invisible shield around you!
The arrow hits the centaur.
Throw: 3 boomerangs
Press: ? - help, Q - select action, (/) - cycle Shift-Dir - straight line, f/p - centaur
Aim: a centaur, wielding a +0 shortbow (severely wounded, 76% to hit)
You throw a boomerang. The boomerang hits the centaur.
The centaur is severely wounded.
The centaur shoots an arrow.
The arrow closely misses you.
You slice the two-headed ogre!!
The two-headed ogre is heavily wounded.
The two-headed ogre hits you with a +0 giant spiked club!!
The two-headed ogre barely misses you.
Unknown command.
You slash the two-headed ogre!
The two-headed ogre is almost dead.
The two-headed ogre closely misses you.
The two-headed ogre hits you with a +0 giant spiked club!!
* * * LOW HITPOINT WARNING * * *
The centaur unwields a +0 shortbow.
The centaur closely misses you. You block the centaur's attack.
You block the two-headed ogre's attack.
The two-headed ogre hits you with a +0 giant spiked club!
* * * LOW HITPOINT WARNING * * *
You focus on the pain.
You feel very mighty all of a sudden.
Unknown command.
You slice the centaur!!
You kill the centaur!
Makhleb accepts your kill.
You can now gain health from killing.
You barely miss the two-headed ogre.
The two-headed ogre hits you with a +0 giant spiked club!!
You die...

# ..
######.##
##........
##.........
#.<........
#..@O...?..
#...)......
#..........
#....>.((..
#..........
##..._.....
##.....#..
#########


You could see a two-headed ogre (very poisoned).

Vanquished Creatures
  Pikel (D:8)
  A water moccasin (D:7)
  2 ice beasts (D:6)
  2 sky beasts
  3 ogres (D:5)
  3 centaurs
  2 phantoms
  A gnoll sergeant (D:8)
  A bullfrog (D:8)
  A scorpion (D:6)
  4 wights (D:7)
  A howler monkey (D:5)
  4 hounds
  2 jellies
  A gnoll bouda (D:7)
  An orc priest (D:3)
  2 iguanas (D:6)
  3 orc wizards
  11 gnolls
  11 adders
  A shadow imp (D:7)
  2 ufetubi
  3 worms
  4 dart slugs
  20 orcs
  6 endoplasms
  3 giant cockroaches
  7 goblins
  10 hobgoblins
  7 jackals
  8 kobolds
  2 quokkas
  8 ball pythons
  4 bats
  4 frilled lizards
  6 rats
  A spectral orc (D:8)
153 creatures vanquished.

Vanquished Creatures (others)
  An orc (D:5)
  7 toadstools (D:1)
8 creatures vanquished.

Grand Total: 161 creatures vanquished

Notes
Turn   | Place    | Note
-------+----------+-------------------------------------------
     0 | D:1      | Newt the Demonspawn Gladiator began the quest for the Orb.
     0 | D:1      | Reached XP level 1. HP: 16/16 MP: 1/1
   128 | D:1      | Gained mutation: You sometimes gain a little power by
                  | taking damage. [demonic ancestry]
   128 | D:1      | Reached XP level 2. HP: 23/23 MP: 2/2
   186 | D:1      | Reached skill level 3 in Fighting
   772 | D:1      | Gained mutation: You have a pair of small antennae on your
                  | head. [demonic ancestry]
   772 | D:1      | Reached XP level 3. HP: 6/30 MP: 3/3
  1551 | D:2      | Reached skill level 4 in Fighting
  1728 | D:2      | Reached XP level 4. HP: 38/38 MP: 4/4
  1750 | D:2      | Found an ornate altar of the Wu Jian Council.
  2144 | D:3      | Reached skill level 5 in Fighting
  2200 | D:3      | Reached XP level 5. HP: 41/44 MP: 5/5
  3238 | D:4      | Reached XP level 6. HP: 36/51 MP: 6/6
  4339 | D:5      | Entered Level 5 of the Dungeon
  4384 | D:5      | Reached skill level 5 in Throwing
  4881 | D:5      | Gained mutation: You have a pair of antennae on your head.
                  | [demonic ancestry]
  4881 | D:5      | Reached XP level 7. HP: 47/56 MP: 7/7
  6463 | D:6      | Reached skill level 6 in Fighting
  6823 | D:6      | Gained mutation: You are partially covered in molten
                  | scales. (AC +2) [demonic ancestry]
  6823 | D:6      | Reached XP level 8. HP: 65/65 MP: 8/8
  6835 | D:6      | Found a staircase to the Ecumenical Temple.
  6891 | Temple   | Entered the Ecumenical Temple
  7088 | Temple   | Became a worshipper of Makhleb the Destroyer
  7117 | D:6      | Identified the orb "Siapasoe" {*Slow Str+2 Dex+4 Stlth+}
  7203 | D:6      | Reached skill level 7 in Fighting
  7761 | D:6      | Found a sacrificial altar of Ru.
  7835 | D:6      | Found a shimmering blue altar of Sif Muna.
  7916 | D:6      | Found Quirgh's Antique Weapon Shoppe.
  7919 | D:6      | Bought a runed broad axe for 224 gold pieces
  8130 | D:7      | Reached skill level 8 in Fighting
  8130 | D:7      | Reached skill level 1 in Axes
  9681 | D:8      | Found a basalt altar of Yredelemnul.
  9701 | D:8      | Noticed Pikel
  9710 | D:8      | Killed Pikel
  9711 | D:8      | Gained mutation: You sometimes gain power by taking damage.
                  | [demonic ancestry]
  9711 | D:8      | Reached XP level 9. HP: 62/74 MP: 9/9
 10576 | D:9      | Noticed a two-headed ogre
 10576 | D:9      | Found a snail-covered altar of Cheibriados.
 10584 | D:9      | Reached * piety under Makhleb
 10584 | D:9      | Demolished by a two-headed ogre

Illustrated notes

Levels and vault maps discovered:
D:1:      nagdon_arrival_double_spiral, layout_basic
D:2:      layout_rooms, basic_altar
D:3:      layout_basic
D:4:      layout_layer_cave, kennysheep_generic_room_2
D:5:      layout_layer_cave
D:6:      layout_cave_pools, nicolae_ru_great_annihilating_truth, led_sif_pool,
          minmay_temple_entry_mini_moons, serial_shops,
          nicolae_shop_behind_doors
D:7:      layout_basic, minivault_23
D:8:      layout_gridville, yredelemnul_forgotten_temple_becter,
          chequers_serial_rivers_micro_e, minivault_10, uniq_pikel
D:9:      layout_rooms, overflow_temple_1_default, mainiacjoe_overflow_catwalk,
          gammafunk_temple_overflow_forgotten, okawaru_trees_1,
          david_lair_generic, minmay_misc_feat_enclosed
Temple:   chequers_temple_sunken

Skill      XL: |  1  2  3  4  5  6  7  8 |
---------------+-------------------------+-----
Fighting       | 3 4 5 6 8 |  8.0
Throwing       | 2 4 5 |  5.0
Dodging        | 3 4 |  4.0
Short Blades   | 4 |  4.0
Axes           | 6 |  6.7

Action                     |  1- 3 |  4- 6 |  7- 9 || total
---------------------------+-------+-------+-------++-------
  Melee: Rapier            |    77 |       |       ||    77
         Short sword       |    44 |   205 |   165 ||   414
         Punch             |     1 |     2 |     6 ||     9
         Broad axe         |       |       |    47 ||    47
  Throw: Throwing net      |     3 |     1 |     1 ||     5
         Boomerang         |     3 |     7 |    36 ||    46
         Javelin           |     1 |       |     6 ||     7
         Dart              |       |     3 |     7 ||    10
    Use: Scroll            |       |     2 |     4 ||     6
         Potion            |       |     2 |     5 ||     7
   Stab: Sleeping          |     1 |       |     2 ||     3
         Paralysed         |       |       |     1 ||     1
 Armour: Leather armour    |    49 |    25 |    35 ||   109
         Scale mail        |       |       |    14 ||    14
  Dodge: Dodged            |    82 |    90 |   150 ||   322
  Block: Other             |     5 |    45 |    35 ||    85
         Reflection        |     1 |       |     1 ||     2
         Orb               |       |       |    22 ||    22

Table legend: (Time is in decaauts)
 A = Elapsed time spent in this place.
 B = Non-inter-level travel time spent in this place.
 C = Inter-level travel time spent in this place.
 D = Time resting spent in this place.
 E = Time spent auto-exploring this place.
 F = Levels seen in this place.
 G = Mean time per level.
                   A        B        C        D        E       F      G
               +--------+--------+--------+--------+--------+-----+--------+
         Total |  10599 |  10266 |    333 |   3380 |   5726 |  10 | 1059.9 |
       Dungeon |  10387 |  10088 |    299 |   3380 |   5556 |   9 | 1154.1 |
        Temple |    211 |    177 |     34 |      0 |    170 |   1 |  211.0 |
               +--------+--------+--------+--------+--------+-----+--------+

Top non-repeatable levels by time:
     D:5: 1831 daAuts
     D:6: 1618 daAuts
     D:8: 1398 daAuts
     D:1: 1390 daAuts
     D:4: 1274 daAuts
     D:7: 1181 daAuts
     D:3: 948 daAuts
     D:2: 734 daAuts
  Temple: 211 daAuts
     D:9: 8 daAuts
